 Dungeon Crawl Stone Soup version 0.26.1-2-gb8aa6d0cf2 (webtiles) character file.

Game seed: 11865210360016399442

70 Chiseanne the Covered (level 4, 24/33 HPs)
             Began as a Demonspawn Wanderer on Mar 2, 2021.
             Quit the game on level 3 of the Dungeon.
             The game lasted 00:02:49 (2803 turns).

Chiseanne the Covered (Demonspawn Wanderer)         Turns: 2803, Time: 00:02:50

Health: 24/33      AC: 10    Str: 10    XL:     4   Next: 4%
Magic:  5/5        EV:  9    Int: 17    God:
Gold:   134        SH:  0    Dex: 12    Spells: 4/5 levels left

rFire    + . .     SeeInvis .   a - +2 hand axe
rCold    . . .     Faith    .   (no shield)
rNeg     . . .     Spirit   .   d - +2 scale mail
rPois    .         Reflect  .   (no helmet)
rElec    .         Harm     .   (no cloak)
rCorr    .         Rampage  .   (no gloves)
Will     .....                  (no boots)
Stlth    ..........             (no amulet)
HPRegen  0.11/turn              (no ring)
MPRegen  0.09/turn              (no ring)

@: no status effects
A: claws 1, molten scales 1, fire resistance 1
a: no special abilities


You were on level 3 of the Dungeon.
You visited 1 branch of the dungeon, and saw 3 of its levels.

You collected 134 gold pieces.

Inventory:

Hand Weapons
 a - a +2 hand axe (weapon)
Missiles
 g - 69 stones
Armour
 d - a +2 scale mail (worn)
Wands
 c - a wand of random effects (15)
Scrolls
 b - a scroll of identify
 h - a scroll of teleportation
 r - 3 scrolls of remove curse
Potions
 i - a potion of might {unknown}
 j - a potion of lignification {unknown}
 k - a potion of brilliance {unknown}
 l - a potion of ambrosia {unknown}
 m - a potion of magic {unknown}
 o - 4 potions of curing {unknown}


   Skills:
 * Level 1.9 Fighting
 - Level 1.0 Bows
 - Level 1.0 Throwing
 * Level 2.7 Armour
 * Level 1.7 Dodging
 - Level 1.0 Spellcasting
 - Level 1.1 Necromancy
 - Level 2.6 Fire Magic
 - Level 1.0 Evocations


You had 4 spell levels left.
You knew the following spells:

 Your Spells              Type           Power        Failure   Level
a - Apportation           Tloc           0%           80%         1

Your spell library contained the following spells:

 Spells                   Type           Power        Failure   Level
 Lesser Beckoning         Tloc           0%           99%         3


Dungeon Overview and Level Annotations

Branches:
Dungeon (3/15)

Altars:


Innate Abilities, Weirdness & Mutations

You have sharp fingernails.
You are partially covered in molten scales. (AC +2)
Your flesh is heat resistant. (rF+)


Message History

You slash the orc!
You kill the orc!
You slash the adder!
The adder is almost dead.
The adder bites you but does no damage. The adder bites you.
You are poisoned.
The adder poisons you!
Your scale mail prevents you from hitting the adder.
The adder is almost dead.
You feel sick. The adder bites you.
You hit the adder.
You kill the adder!
You have reached level 4!
You feel stronger.
Your demonic ancestry asserts itself...
Your fingernails lengthen.
Things that are here:
a +0 hand axe; a cursed +0 leather armour You feel sick. x3
You are no longer poisoned.
Are you sure you want to abandon this character and quit the game? (Confirm with "yes".)

................
...................
#..................
.....#.................
.....#.........$.....
.....# ............#
.....####..........#
.............#..@..#
.............#.....#
.................###
##...............#
......#..........#
.....##..........#
.....##.......####
...#.##.......##
...#..............


There were no monsters in sight!

Vanquished Creatures
  3 adders
  A dart slug (D:2)
  A leopard gecko (D:2)
  4 orcs (D:3)
  A ball python (D:1)
  2 giant cockroaches (D:1)
  4 goblins
  5 hobgoblins
  6 kobolds
  A quokka (D:2)
  A bat (D:1)
  4 frilled lizards
  5 rats
38 creatures vanquished.

Notes
Turn   | Place    | Note
-------+----------+-------------------------------------------
     0 | D:1      | Chiseanne the Demonspawn Wanderer began the quest for the
                  | Orb.
     0 | D:1      | Chiseanne set off with the following items: a +0 dagger, a
                  | wand of random effects (15), a +2 scale mail; and the
                  | following spell memorised: Apportation; and the following
                  | spells available to memorise: Lesser Beckoning
     0 | D:1      | Reached XP level 1. HP: 13/13 MP: 2/2
   513 | D:1      | Gained mutation: You are partially covered in molten
                  | scales. (AC +2) [demonic ancestry]
   513 | D:1      | Reached XP level 2. HP: 20/20 MP: 3/3
  1132 | D:1      | Reached skill level 1 in Fighting
  1400 | D:2      | Reached skill level 1 in Dodging
  1418 | D:2      | HP: 1/21 [dart slug (1)]
  1420 | D:2      | Gained mutation: Your flesh is heat resistant. (rF+)
                  | [demonic ancestry]
  1420 | D:2      | Reached XP level 3. HP: 1/26 MP: 4/4
  2793 | D:3      | Gained mutation: You have sharp fingernails. [demonic
                  | ancestry]
  2793 | D:3      | Reached XP level 4. HP: 26/33 MP: 5/5
  2803 | D:3      | Quit the game

Illustrated notes

Levels and vault maps discovered:
D:1:      minmay_arrival_stair_chambers, layout_loops_corners,
          minmay_pentomino_z2
D:2:      layout_basic, minivault_5
D:3:      layout_basic

Skill      XL: |  1  2 |
---------------+-------+-----
Armour         | 2 |  2.7
Fighting       | 1 |  1.9
Dodging        | 1 |  1.7
Bows           | |  1.0
Throwing       | |  1.0
Spellcasting   | |  1.0
Necromancy     | |  1.1
Fire Magic     | |  2.6
Evocations     | |  1.0

Action                   |  1- 3 |  4- 6 || total
-------------------------+-------+-------++-------
Melee: Dagger            |    43 |       ||    43
       Short sword       |   132 |       ||   132
       Hand axe          |    24 |       ||    24
  Use: Scroll            |     7 |       ||     7
Armor: Scale mail        |   110 |       ||   110
Dodge: Dodged            |    80 |       ||    80
